 Seeded DCSS version 0.31-a0-217-g58bb5d79cf (webtiles) character file.

Game seed: 13275427502194390118 (custom seed)

207 rocky1 the Slasher (level 5, -1/57 HPs)
             Began as a Merfolk Gladiator on July 3, 2023.
             Slain by a scorpion (3 damage)
             ... on level 4 of the Dungeon.
             The game lasted 00:05:04 (2084 turns).

rocky1 the Slasher (Merfolk Gladiator)              Turns: 2084, Time: 00:05:05

Health: -1/57      AC:  5    Str: 21    XL:     5   Next: 85%
Magic:  5/5        EV: 13    Int:  7    God:
Gold:   168        SH:  0    Dex: 17    Spells: 4/4 levels left

rFire   . . .        a - +0 long sword
rCold   . . .        (no shield)
rNeg    . . .        b - +0 leather armour
rPois   .            m - +1 helmet
rElec   .            (no cloak)
rCorr   .            (no gloves)
SInv    .            (no boots)
Will    .....        (no amulet) Stlth
                     f - +6 ring of strength
HPRegen 0.29/turn    (no ring)
MPRegen 0.09/turn

%: no passive effects
@: berserking, lethally poisoned (-1 -> -6), very quick
A: (nimble swimmer 2), mertail
a: no special abilities


You were on level 4 of the Dungeon.
You visited 1 branch of the dungeon, and saw 4 of its levels.

You collected 168 gold pieces.

Inventory:

Hand Weapons
 a - a +0 long sword (weapon)
Missiles
 d - 3 throwing nets
 e - 5 javelins (quivered)
 j - 3 boomerangs
Armour
 b - a +0 leather armour (worn)
 c - a +0 helmet
 m - a +1 helmet (worn)
Jewellery
 f - a +6 ring of strength (left hand)
Scrolls
 g - a scroll of teleportation {unknown}
 h - a scroll of silence {unknown}
 i - a scroll of summoning {unknown}
 k - a scroll of fear
 l - a scroll of fog {unknown}
Potions
 n - a potion of berserk rage
 o - 2 potions of enlightenment {unknown}
 p - 2 potions of mutation {unknown}
 q - 2 potions of curing {unknown}
 r - a potion of resistance {unknown}
 s - a potion of heal wounds {unknown}


   Skills:
 - Level 2.1 Fighting
 + Level 7.6 Long Blades
 - Level 2.0 Throwing
 - Level 4.0 Dodging


You had 4 spell levels left.
You didn't know any spells.
Your spell library contained the following spells:

 Spells                   Type           Power      Damage    Failure   Level
 Ozocubu's Armour         Ice            0%         N/A       85%         3
 Metabolic Englaciation   Hex/Ice        0%         N/A       100%        5
 Simulacrum               Ice/Necr       0%         N/A       100%        6
 Ozocubu's Refrigeration  Ice            0%         4d7       100%        7
 Polar Vortex             Ice            0%         N/A       100%        9


Dungeon Overview and Level Annotations

Branches:
Dungeon (4/15)
 Temple: D:4-7

Altars:
Nemelex Xobeh
The Shining One

Shops:
D:1 :==[


Innate Abilities, Weirdness & Mutations

((You are very nimble when in or above water. (Stealth+, EV+, Speed+++)))
Your lower body shifts to a powerful aquatic tail in water.


Message History

The endoplasm freezes you.
You are frozen.
You hit the scorpion.
The scorpion is almost dead.
You feel sick. The scorpion misses you. The scorpion barely misses you.
The endoplasm misses you.
You barely miss the scorpion.
The scorpion is almost dead.
You feel sick. The scorpion stings you.
You are more poisoned.
The scorpion poisons you! The endoplasm hits you.
You hit the scorpion.
The scorpion is almost dead.
You feel very sick. The scorpion barely misses you. The endoplasm freezes you.
You are frozen.
You are too injured to fight recklessly!
You are too injured to fight recklessly!
You are too injured to fight recklessly!
You hit the scorpion but do no damage.
The scorpion is almost dead.
You feel very sick. The scorpion stings you.
* * * LOW HITPOINT WARNING * * *
The endoplasm freezes you.
You are frozen.
* * * LOW HITPOINT WARNING * * *
It was a potion of berserk rage.
A red film seems to cover your vision as you go berserk!
You feel yourself moving faster!
You feel mighty!
* * * LOW HITPOINT WARNING * * *
You feel sick. The scorpion stings you.
* * * LOW HITPOINT WARNING * * *
The endoplasm hits you but does no damage.
You closely miss the scorpion.
The scorpion is almost dead.
* * * LOW HITPOINT WARNING * * *
You feel sick. The scorpion stings you.
You die...

##.##
##...##
#.....#
.$⌠..
#...#
#...#
#)J.#
#.@.#
#..s#
#####


You could see a scorpion and an endoplasm.

Vanquished Creatures
  Jessica (D:2)
  Natasha (thrice) (D:2)
  5 adders
  2 worms
  A dart slug (D:2)
  6 bats
  4 endoplasms
  2 giant cockroaches
  5 goblins
  2 hobgoblins
  2 jackals (D:2)
  5 kobolds
  4 quokkas
  3 ball pythons
  2 frilled lizards
  6 rats
53 creatures vanquished.

Notes
Turn   | Place    | Note
-------+----------+-------------------------------------------
     0 | D:1      | rocky1 the Merfolk Gladiator began the quest for the Orb.
     0 | D:1      | Reached XP level 1. HP: 16/16 MP: 1/1
    11 | D:1      | Found Onlezats's Jewellery Emporium.
   211 | D:1      | Reached skill level 4 in Long Blades
   277 | D:1      | Found Zyuqykanwy's Book Shop.
   392 | D:1      | Found Obocek's Jewellery Boutique.
   396 | D:1      | Reached XP level 2. HP: 22/22 MP: 2/2
   481 | D:1      | Found Saufiugh's Armour Emporium.
   560 | D:2      | Noticed Jessica
   564 | D:2      | Killed Jessica
   565 | D:2      | Reached skill level 5 in Long Blades
   565 | D:2      | Reached XP level 3. HP: 27/27 MP: 3/3
   645 | D:2      | Noticed Natasha
   650 | D:2      | Killed Natasha
   651 | D:2      | Reached skill level 6 in Long Blades
   651 | D:2      | Reached XP level 4. HP: 27/33 MP: 4/4
   679 | D:2      | Noticed Natasha
   694 | D:2      | Killed Natasha
   865 | D:2      | Noticed Natasha
   870 | D:2      | Reached XP level 5. HP: 38/38 MP: 5/5
   873 | D:2      | Killed Natasha
   874 | D:2      | Reached skill level 7 in Long Blades
   893 | D:2      | Found a faded altar of an unknown god.
   962 | D:2      | Found a glowing golden altar of the Shining One.
  1179 | D:3      | Found a sparkling altar of Nemelex Xobeh.
  2084 | D:4      | HP: 2/57 [poisoned by a scorpion]
  2084 | D:4      | Slain by a scorpion

Illustrated notes

Levels and vault maps discovered:
D:1:      erik_arrival_blinker_ship, layout_loops_ring, serial_shops, shop,
          shop, shop, nicolae_shop_rolling_square
D:2:      layout_rooms, ebering_ecumenical_altar_hall, basic_altar,
          uniq_natasha, uniq_jessica
D:3:      layout_loops_ring, mainiacjoe_overflow_cross_hatched
D:4:      layout_basic, fedhas_altar_2, minmay_temple_entry_ruins,
          cheibrodos_sewer_entry_sluice, grunt_ministairs_14,
          kennysheep_cross_room

Skill      XL: |  1  2  3  4  5 |
---------------+----------------+-----
Long Blades    | 4 5 6 7 |  7.6
Fighting       | |  2.1
Throwing       | |  2.0
Dodging        | |  4.0

Action                     |  1- 3 |  4- 6 || total
---------------------------+-------+-------++-------
  Melee: Long sword        |    42 |   115 ||   157
         Punch             |     1 |     2 ||     3
  Throw: Javelin           |     5 |     9 ||    14
    Use: Scroll            |       |     1 ||     1
         Potion            |       |     1 ||     1
   Stab: Sleeping          |       |     4 ||     4
 Armour: Leather armour    |    19 |    31 ||    50
  Dodge: Dodged            |    50 |    82 ||   132

Table legend: (Time is in decaauts)
 A = Elapsed time spent in this place.
 B = Non-inter-level travel time spent in this place.
 C = Inter-level travel time spent in this place.
 D = Time resting spent in this place.
 E = Time spent auto-exploring this place.
 F = Levels seen in this place.
 G = Mean time per level.
                   A        B        C        D        E       F      G
               +--------+--------+--------+--------+--------+-----+--------+
         Total |   2100 |   2059 |     41 |    272 |   1417 |   4 |  525.0 |
       Dungeon |   2100 |   2059 |     41 |    272 |   1417 |   4 |  525.0 |
               +--------+--------+--------+--------+--------+-----+--------+

Top non-repeatable levels by time:
     D:3: 949 daAuts
     D:2: 570 daAuts
     D:1: 565 daAuts
     D:4: 14 daAuts
